| TOP OF THE 1ST |
|
Columbus Reds batting - Pitching for Hamilton Cardinals : RHP Rob Halley
|
|
Pitching: RHP Rob Halley
|
|
|
Batting: RHB John Hopkins
|
0-0: Ball 1-0: Foul Ball, location: 2F 1-1: SINGLE (Groundball, 6M, EV 103.8 MPH) (infield hit)
|
|
Batting: SHB Sal Esparza
|
0-0: Ball John Hopkins steals 2nd base 1-0: Ball 2-0: Foul Ball, location: 2F 2-1: Ball 3-1: SINGLE (Groundball, 34S, EV 65.6 MPH) (infield hit) John Hopkins to third
|
|
Batting: LHB Jamie Spangenberg
|
0-0: Ball 1-0: Ball 2-0: Ball 3-0: Base on Balls Sal Esparza to second
|
|
Batting: RHB Ruben Cantu
|
0-0: Ball 1-0: Foul Ball, location: 2F 1-1: Foul Ball, location: 2F 1-2: Strikes out swinging
|
|
Batting: LHB Mike Becerra
|
0-0: Ball 1-0: Ball 2-0: Fly out, F2 (Popup, 2RF, EV 91.9 MPH)
|
|
Batting: RHB Alex Nagera
|
0-0: Called Strike 0-1: Ball 1-1: Fly out, F3 (Flyball, 3D, EV 86.9 MPH)
|
| Top of the 1st over - 0 runs, 2 hits, 0 errors, 3 left on base; Columbus 0 - Hamilton 0 |
| BOTTOM OF THE 1ST |
|
Hamilton Cardinals batting - Pitching for Columbus Reds : RHP Mike Stabb
|
|
Pitching: RHP Mike Stabb
|
|
|
Batting: RHB Juan Carrillo
|
0-0: Fly out, F9 (Flyball, 9, EV 77.5 MPH)
|
|
Batting: RHB Jonathan Winkler
|
0-0: Swinging Strike 0-1: Swinging Strike 0-2: Ball 1-2: Ball 2-2: Strikes out swinging
|
|
Batting: LHB Ignacio Ocampo
|
0-0: Swinging Strike 0-1: Foul Ball, location: 2F 0-2: Ball 1-2: Strikes out swinging
|
| Bottom of the 1st over - 0 runs, 0 hits, 0 errors, 0 left on base; Columbus 0 - Hamilton 0 |
| TOP OF THE 2ND |
|
Columbus Reds batting - Pitching for Hamilton Cardinals : RHP Rob Halley
|
|
Batting: RHB Emanuel Estrada
|
0-0: Ball 1-0: Called Strike 1-1: Fly out, F3 (Popup, 23F, EV 86.2 MPH)
|
|
Batting: RHB Jimmy Geddes
|
0-0: Fly out, F6 (Line Drive, 6, EV 73.8 MPH)
|
|
Batting: RHB Cornholdo Schwerin
|
0-0: Ball 1-0: Ball 2-0: Called Strike 2-1: Foul Ball, location: 2F 2-2: Ball 3-2: Strikes out swinging
|
| Top of the 2nd over - 0 runs, 0 hits, 0 errors, 0 left on base; Columbus 0 - Hamilton 0 |
| BOTTOM OF THE 2ND |
|
Hamilton Cardinals batting - Pitching for Columbus Reds : RHP Mike Stabb
|
|
Batting: RHB Pablo Nunez
|
0-0: Called Strike 0-1: Ground out 6-3 (Groundball, 6, EV 80.6 MPH)
|
|
Batting: SHB J.T. Ready
|
0-0: Foul Ball, location: 2F 0-1: Swinging Strike 0-2: Ball 1-2: Foul Ball, location: 2F 1-2: Foul Ball, location: 2F 1-2: Fly out, F8 (Flyball, 8LS, EV 95.0 MPH)
|
|
Batting: SHB Kelly Brooks
|
0-0: Called Strike 0-1: Ball 1-1: Ground out 4-3 (Groundball, 4, EV 86.2 MPH)
|
| Bottom of the 2nd over - 0 runs, 0 hits, 0 errors, 0 left on base; Columbus 0 - Hamilton 0 |
| TOP OF THE 3RD |
|
Columbus Reds batting - Pitching for Hamilton Cardinals : RHP Rob Halley
|
|
Batting: RHB John Hopkins
|
0-0: Ball 1-0: Swinging Strike 1-1: Called Strike 1-2: Ball 2-2: Ball 3-2: Foul Ball, location: 2F 3-2: Fly out, F7 (Line Drive, 7S, EV 88.1 MPH)
|
|
Batting: SHB Sal Esparza
|
0-0: Called Strike 0-1: Foul Ball, location: 2F 0-2: Ball 1-2: Ball 2-2: Ball 3-2: Foul Ball, location: 2F 3-2: Foul Ball, location: 2F 3-2: Ground out U3 (Groundball, 3S, EV 89.4 MPH)
|
|
Batting: LHB Jamie Spangenberg
|
0-0: Ball 1-0: Foul Ball, location: 2F 1-1: Fly out, F7 (Flyball, 78M, EV 86.9 MPH)
|
| Top of the 3rd over - 0 runs, 0 hits, 0 errors, 0 left on base; Columbus 0 - Hamilton 0 |
| BOTTOM OF THE 3RD |
|
Hamilton Cardinals batting - Pitching for Columbus Reds : RHP Mike Stabb
|
|
Batting: LHB Rafael Banda
|
0-0: Called Strike 0-1: Ball 1-1: Ball 2-1: SINGLE (Groundball, 34D, EV 103.1 MPH)
|
|
Batting: SHB Brad Meyer
|
0-0: Ball 1-0: Ball 2-0: Swinging Strike 2-1: Fly out, F8 (Flyball, 78XD, EV 77.5 MPH)
|
|
Batting: SHB Felipe Campanella
|
0-0: Fielders Choice at 2nd, 5-4 (Groundball, 5, EV 97.5 MPH)
|
|
Batting: RHB Juan Carrillo
|
0-0: Ball 1-0: SINGLE (Groundball, 56D, EV 101.2 MPH) Felipe Campanella to second
|
|
Batting: RHB Jonathan Winkler
|
0-0: Fielders Choice at 2nd, 6-4 (Groundball, 56, EV 98.8 MPH)
|
| Bottom of the 3rd over - 0 runs, 2 hits, 0 errors, 2 left on base; Columbus 0 - Hamilton 0 |
| TOP OF THE 4TH |
|
Columbus Reds batting - Pitching for Hamilton Cardinals : RHP Rob Halley
|
|
Batting: RHB Ruben Cantu
|
0-0: Called Strike 0-1: Swinging Strike 0-2: Strikes out swinging
|
|
Batting: LHB Mike Becerra
|
0-0: Swinging Strike 0-1: Swinging Strike 0-2: Ball 1-2: Ball 2-2: Foul Ball, location: 2F 2-2: Strikes out swinging
|
|
Batting: RHB Alex Nagera
|
0-0: Called Strike 0-1: Foul Ball, location: 2F 0-2: Ball 1-2: Ball 2-2: Foul Ball, location: 2F 2-2: Ball 3-2: Strikes out swinging
|
| Top of the 4th over - 0 runs, 0 hits, 0 errors, 0 left on base; Columbus 0 - Hamilton 0 |
| BOTTOM OF THE 4TH |
|
Hamilton Cardinals batting - Pitching for Columbus Reds : RHP Mike Stabb
|
|
Batting: LHB Ignacio Ocampo
|
0-0: Called Strike 0-1: Foul Ball, location: 2F 0-2: Ball 1-2: Strikes out swinging
|
|
Batting: RHB Pablo Nunez
|
0-0: Ground out U3 (Groundball, 34, EV 97.5 MPH)
|
|
Batting: SHB J.T. Ready
|
0-0: Called Strike 0-1: Ball 1-1: Called Strike 1-2: Strikes out looking
|
| Bottom of the 4th over - 0 runs, 0 hits, 0 errors, 0 left on base; Columbus 0 - Hamilton 0 |
| TOP OF THE 5TH |
|
Columbus Reds batting - Pitching for Hamilton Cardinals : RHP Rob Halley
|
|
Batting: RHB Emanuel Estrada
|
0-0: Called Strike 0-1: Swinging Strike 0-2: Foul Ball, location: 2F 0-2: Strikes out swinging
|
|
Batting: RHB Jimmy Geddes
|
0-0: Called Strike 0-1: Called Strike 0-2: Strikes out swinging
|
|
Batting: RHB Cornholdo Schwerin
|
0-0: Swinging Strike 0-1: Called Strike 0-2: Strikes out swinging
|
| Top of the 5th over - 0 runs, 0 hits, 0 errors, 0 left on base; Columbus 0 - Hamilton 0 |
| BOTTOM OF THE 5TH |
|
Hamilton Cardinals batting - Pitching for Columbus Reds : RHP Mike Stabb
|
|
Batting: SHB Kelly Brooks
|
0-0: Foul Ball, location: 2F 0-1: Fly out, F9 (Flyball, 9, EV 83.8 MPH)
|
|
Batting: LHB Rafael Banda
|
0-0: Fly out, F8 (Flyball, 8LM, EV 93.1 MPH)
|
|
Batting: SHB Brad Meyer
|
0-0: Called Strike 0-1: Ball 1-1: Called Strike 1-2: Ground out 4-3 (Groundball, 4, EV 103.1 MPH)
|
| Bottom of the 5th over - 0 runs, 0 hits, 0 errors, 0 left on base; Columbus 0 - Hamilton 0 |
| TOP OF THE 6TH |
|
Columbus Reds batting - Pitching for Hamilton Cardinals : RHP Rob Halley
|
|
Pitching: RHP Mike MacDougall
|
|
|
Batting: RHB John Hopkins
|
0-0: Ball 1-0: Ball 2-0: Foul Ball, location: 2F 2-1: Called Strike 2-2: Ground out 5-3 (Groundball, 56S, EV 83.1 MPH)
|
|
Batting: SHB Sal Esparza
|
0-0: Swinging Strike 0-1: Foul Ball, location: 2F 0-2: Ball 1-2: SINGLE (Flyball, 8LS, EV 90.0 MPH)
|
|
Pitching: LHP Tim Dyer
|
|
|
Batting: LHB Jamie Spangenberg
|
0-0: DOUBLE (Flyball, 78XD, EV 98.1 MPH) Sal Esparza to third Runner from 3rd tries for Home, SAFE, throw by LF to home
|
|
Pitching: RHP Morgan Phang
|
|
|
Batting: RHB Ruben Cantu
|
0-0: Ball Wild Pitch! Jamie Spangenberg to third 1-0: SINGLE (Groundball, 6MD, EV 96.2 MPH) Jamie Spangenberg scores
|
|
Batting: LHB Mike Becerra
|
0-0: Ball 1-0: Called Strike 1-1: Ball Ruben Cantu is caught stealing 2nd base 2-6 2-1: Swinging Strike 2-2: Ball 3-2: Foul Ball, location: 2F 3-2: Base on Balls
|
|
Batting: RHB Alex Nagera
|
0-0: Fly out, F7 (Flyball, 7, EV 88.8 MPH)
|
| Top of the 6th over - 2 runs, 3 hits, 0 errors, 1 left on base; Columbus 2 - Hamilton 0 |
| BOTTOM OF THE 6TH |
|
Hamilton Cardinals batting - Pitching for Columbus Reds : RHP Mike Stabb
|
|
Batting: SHB Felipe Campanella
|
0-0: Foul Ball, location: 2F 0-1: Foul Ball, location: 2F 0-2: Ball 1-2: Strikes out swinging
|
|
Batting: RHB Juan Carrillo
|
0-0: Called Strike 0-1: Ball 1-1: Fly out, F8 (Flyball, 8RM, EV 88.1 MPH)
|
|
Batting: RHB Jonathan Winkler
|
0-0: Ball 1-0: Foul Ball, location: 2F 1-1: Ball 2-1: Ball 3-1: Foul Ball, location: 2F 3-2: Strikes out swinging
|
| Bottom of the 6th over - 0 runs, 0 hits, 0 errors, 0 left on base; Columbus 2 - Hamilton 0 |
| TOP OF THE 7TH |
|
Columbus Reds batting - Pitching for Hamilton Cardinals : RHP Morgan Phang
|
|
Batting: RHB Emanuel Estrada
|
0-0: Called Strike 0-1: Ball 1-1: Ground out 6-3 (Groundball, 6, EV 103.8 MPH)
|
|
Batting: RHB Jimmy Geddes
|
0-0: Ball 1-0: Ground out 6-3 (Groundball, 6, EV 105.6 MPH)
|
|
Batting: RHB Cornholdo Schwerin
|
0-0: Fly out, F8 (Flyball, 8LM, EV 88.1 MPH)
|
| Top of the 7th over - 0 runs, 0 hits, 0 errors, 0 left on base; Columbus 2 - Hamilton 0 |
| BOTTOM OF THE 7TH |
|
Hamilton Cardinals batting - Pitching for Columbus Reds : RHP Mike Stabb
|
|
Batting: LHB Ignacio Ocampo
|
0-0: Ground out U3 (Groundball, 3, EV 85.6 MPH)
|
|
Batting: RHB Pablo Nunez
|
0-0: Foul Ball, location: 2F 0-1: Called Strike 0-2: Strikes out swinging
|
|
Batting: SHB J.T. Ready
|
0-0: Called Strike 0-1: Swinging Strike 0-2: Ball 1-2: Ball 2-2: Foul Ball, location: 2F 2-2: Foul Ball, location: 2F 2-2: Ground out 6-3 (Groundball, 6, EV 101.2 MPH)
|
| Bottom of the 7th over - 0 runs, 0 hits, 0 errors, 0 left on base; Columbus 2 - Hamilton 0 |
| TOP OF THE 8TH |
|
Columbus Reds batting - Pitching for Hamilton Cardinals : RHP Morgan Phang
|
|
Batting: RHB John Hopkins
|
0-0: Called Strike 0-1: Foul Ball, location: 2F 0-2: Ball 1-2: Ball 2-2: Fly out, F8 (Line Drive, 8RD, EV 87.5 MPH)
|
|
Batting: SHB Sal Esparza
|
0-0: Swinging Strike 0-1: Called Strike 0-2: Foul Ball, location: 2F 0-2: Foul Ball, location: 2F 0-2: Fly out, F9 (Flyball, 89S, EV 86.9 MPH)
|
|
Batting: LHB Jamie Spangenberg
|
0-0: Ball 1-0: Fly out, F9 (Line Drive, 9S, EV 95.0 MPH)
|
| Top of the 8th over - 0 runs, 0 hits, 0 errors, 0 left on base; Columbus 2 - Hamilton 0 |
| BOTTOM OF THE 8TH |
|
Hamilton Cardinals batting - Pitching for Columbus Reds : RHP Mike Stabb
|
|
Batting: SHB Kelly Brooks
|
0-0: Ball 1-0: Foul Ball, location: 2F 1-1: Ball 2-1: Ball 3-1: Called Strike 3-2: Base on Balls
|
|
Batting: LHB Rafael Banda
|
0-0: Ball 1-0: Ball 2-0: Ball 3-0: Called Strike Pickoff Throw to First - Out! 1-3 3-1: Foul Ball, location: 2F 3-2: Strikes out looking
|
|
Batting: SHB Brad Meyer
|
0-0: Ball 1-0: Ball 2-0: Ball 3-0: Base on Balls
|
|
Pinch Hitting: LHB Pete Mitchell
|
0-0: Ball 1-0: Ball 2-0: Swinging Strike 2-1: Ball 3-1: Swinging Strike 3-2: Strikes out swinging
|
| Bottom of the 8th over - 0 runs, 0 hits, 0 errors, 1 left on base; Columbus 2 - Hamilton 0 |
| TOP OF THE 9TH |
|
Columbus Reds batting - Pitching for Hamilton Cardinals : RHP Morgan Phang
|
|
Now at 3B: Seung-kab Park
|
|
|
Batting: RHB Ruben Cantu
|
0-0: Called Strike 0-1: Called Strike 0-2: Strikes out swinging
|
|
Batting: LHB Mike Becerra
|
0-0: Ball 1-0: Foul Ball, location: 2F 1-1: Ball 2-1: Swinging Strike 2-2: Ground out U3 (Groundball, 3, EV 91.2 MPH)
|
|
Batting: RHB Alex Nagera
|
0-0: Ball 1-0: Ball 2-0: Ball 3-0: Called Strike 3-1: Foul Ball, location: 2F 3-2: Strikes out swinging
|
| Top of the 9th over - 0 runs, 0 hits, 0 errors, 0 left on base; Columbus 2 - Hamilton 0 |
| BOTTOM OF THE 9TH |
|
Hamilton Cardinals batting - Pitching for Columbus Reds : RHP Mike Stabb
|
|
Pitching: RHP Hugo Pirir
|
|
|
Batting: RHB Juan Carrillo
|
0-0: Foul Ball, location: 2F 0-1: Ball 1-1: Ball 2-1: Ball 3-1: Base on Balls
|
|
Batting: RHB Jonathan Winkler
|
0-0: Ball 1-0: Foul Ball, location: 2F 1-1: Ball 2-1: Fly out, F8 (Flyball, 8RD, EV 90.0 MPH)
|
|
Batting: LHB Ignacio Ocampo
|
0-0: Ball 1-0: Called Strike 1-1: Swinging Strike 1-2: Foul Ball, location: 2F 1-2: Strikes out swinging
|
|
Batting: RHB Pablo Nunez
|
0-0: Ground out 4-3 (Groundball, 4S, EV 73.8 MPH)
|
| Bottom of the 9th over - 0 runs, 0 hits, 0 errors, 1 left on base; Columbus 2 - Hamilton 0 |
|